AoeStats
← Душан Силни

Black Forest

510634647Analyzed
4v4 RM · 1d ago on Oct 1, 2026· 56m 24s· 8 players
Game mode
Random Map
Map size
Large (8 player)
Population
200
Speed
Normal
Resources
Standard
Victory
Conquest
Starting age
Dark Age
Ending age
Imperial Age
RankedLock teamsTeams togetherTeam positionsShared explorationLock speedFull tech treeHidden civsTurbo modeCheats
Victory
Defeat
🇺🇸 Khmer · United States
811
+8
🇺🇸 Hindustanis · United States
810
+8
🇹🇷 Turks · Türkiye
808
+8
🇺🇸 Lithuanians · United States
509
+19
🇷🇸 Huns · Serbia
703
-14
🇧🇷 Spanish · Brazil
657
-12
🇫🇮 Huns · Finland
565
-9
🇫🇮 Malay · Finland
531
-8
Castelaro
0:58 Loom
11:19 Feudal Age
12:53 Wheelbarrow
12:08 Double-Bit Axe
12:06 Horse Collar
23:19 Castle Age
21:49 Gold Mining
21:49 Stone Mining
22:07 Scale Barding Armor
23:03 Town Watch
25:08 Stone Shaft Mining
24:47 Bow Saw
24:41 Heavy Plow
25:06 Chain Barding Armor
24:58 Forging
24:59 Caravan
25:54 Hand Cart
25:40 Town Patrol
26:34 Scale Mail Armor
47:35 Husbandry
47:45 Bloodlines
46:56 Light Cavalry
49:42 Iron Casting
49:09 Pikeman
49:49 Squires
49:35 Arson
49:37 Gambesons
50:55 Chain Mail Armor
Olkkeu.
0:36 Loom
16:39 Feudal Age
18:32 Arson
18:08 Man-at-Arms
23:25 Town Watch
30:49 Wheelbarrow
30:35 Horse Collar
33:08 Stone Mining
33:08 Gold Mining
33:18 Double-Bit Axe
37:56 Castle Age
36:13 Forging
39:44 Caravan
41:09 Gold Shaft Mining
41:00 Pikeman
41:01 Long Swordsman
41:42 Squires
42:48 Iron Casting
Душан Силни
0:39 Loom
14:56 Feudal Age
16:56 Double-Bit Axe
16:54 Horse Collar
21:20 Gold Mining
21:20 Stone Mining
26:50 Castle Age
28:02 Forging
27:58 Scale Barding Armor
27:54 Scale Mail Armor
27:55 Padded Archer Armor
29:35 Bow Saw
30:04 Wheelbarrow
29:14 Town Watch
29:32 Heavy Plow
30:29 Caravan
31:06 Coinage
31:37 Hand Cart
32:33 Town Patrol
33:40 Masonry
37:31 Imperial Age
37:44 Iron Casting
37:30 Chain Barding Armor
37:28 Chain Mail Armor
37:34 Leather Archer Armor
37:23 Murder Holes
39:23 Two-Man Saw
38:55 Conscription
42:02 Guilds
42:22 Banking
41:21 Cavalier
42:04 Husbandry
42:15 Bloodlines
41:25 Light Cavalry
43:22 Plate Barding Armor
43:48 Blast Furnace
43:52 Chemistry
43:01 Paladin
46:45 Gold Shaft Mining
PapaJohnAppreciatesYa
14:33 Feudal Age
14:59 Double-Bit Axe
14:56 Horse Collar
24:23 Castle Age
26:22 Husbandry
26:32 Bloodlines
29:16 Wheelbarrow
28:54 Heavy Plow
29:15 Bow Saw
31:40 Hand Cart
32:00 Caravan
32:08 Stone Mining
32:09 Gold Mining
32:36 Gold Mining
36:19 Gold Shaft Mining
im just gettin lucky
7:26 Loom
14:14 Feudal Age
19:01 Castle Age
18:28 Double-Bit Axe
21:13 Bow Saw
26:03 Wheelbarrow
30:28 Hand Cart
35:18 Imperial Age
34:28 Gold Mining
34:28 Horse Collar
34:42 Stone Mining
36:11 Grand Trunk Road
38:48 Coinage
39:57 Gold Shaft Mining
40:00 Stone Shaft Mining
43:12 Heavy Plow
46:50 Banking
46:23 Caravan
InTrUsIoN
0:26 Loom
12:41 Feudal Age
13:41 Double-Bit Axe
19:24 Wheelbarrow
22:29 Castle Age
24:15 Bow Saw
28:26 Horse Collar
30:27 Caravan
35:09 Imperial Age
32:59 Hand Cart
34:19 Forging
34:15 Scale Barding Armor
34:16 Light Cavalry
35:07 Bloodlines
34:58 Husbandry
37:10 Chemistry
36:07 Murder Holes
36:33 Ballistics
36:52 Iron Casting
36:38 Chain Barding Armor
37:32 Heavy Plow
38:38 Two-Man Saw
37:46 Winged Hussar
37:48 Cavalier
40:01 Paladin
41:22 Plate Barding Armor
41:15 Conscription
40:16 Elite Leitis
43:50 Hoardings
43:30 Masonry
Booger Flicker X
2:19 Loom
11:33 Feudal Age
12:10 Horse Collar
12:16 Double-Bit Axe
17:50 Castle Age
19:31 Bow Saw
19:56 Heavy Plow
21:06 Wheelbarrow
24:11 Hand Cart
25:36 Gold Mining
30:23 Imperial Age
29:19 Scale Barding Armor
30:35 Chain Barding Armor
30:26 Forging
30:16 Murder Holes
30:41 Ballistics
31:06 Coinage
32:10 Chemistry
31:47 Iron Casting
31:14 Padded Archer Armor
31:04 Fletching
32:21 Gold Shaft Mining
31:36 Stone Mining
31:48 Scale Mail Armor
32:30 Plate Barding Armor
33:12 Stone Shaft Mining
33:39 Blast Furnace
32:36 Bodkin Arrow
33:05 Conscription
33:08 Elite Ballista Elephant
34:26 Crop Rotation
33:45 Town Watch
34:19 Leather Archer Armor
34:57 Bracer
35:07 Siege Engineers
36:06 Banking
36:54 Ring Archer Armor
36:25 Scale Mail Armor
36:39 Double Crossbow
36:55 Masonry
36:59 Fortified Wall
36:57 Husbandry
37:07 Bloodlines
36:44 Arson
37:48 Caravan
38:27 Chain Mail Armor
39:32 Town Patrol
41:27 Hoardings
40:22 Sappers
40:54 Tusk Swords
41:25 Architecture
40:46 Pikeman
40:46 Man-at-Arms
40:50 Elite Battle Elephant
49:15 Halberdier
49:17 Light Cavalry
49:18 Cavalier
parla
0:32 Loom
14:01 Feudal Age
15:00 Man-at-Arms
19:22 Double-Bit Axe
28:11 Castle Age
36:49 Imperial Age
34:25 Padded Archer Armor
34:54 Murder Holes
35:11 Fortified Wall
35:44 Bow Saw
36:05 Gold Mining
36:12 Stone Mining
38:00 Bombard Tower
41:00 Conscription
40:37 Arrowslits
41:36 Wheelbarrow
43:17 Gold Shaft Mining
42:35 Fletching
45:48 Elite Janissary
46:32 Artillery
46:55 Sipahi
46:46 Thumb Ring
46:02 Crossbowman
49:04 Hoardings
52:00 Two-Man Saw
51:19 Leather Archer Armor
50:59 Bodkin Arrow
51:40 Caravan
51:49 Scale Barding Armor
55:20 Capped Ram
55:21 Heavy Scorpion
Connection lost

Rejoining the realm…

Still unreachable

The connection could not be restored.

Session expired

The server has moved on; the page needs a fresh start.